AoeStats
← Shawstopper

Lombardia

507332765Analyzed
3v3 RM · 16d ago on Sep 17, 2026· 53m 0s· 6 players
Game mode
Random Map
Map size
Normal (6 player)
Population
200
Speed
Normal
Resources
Standard
Victory
Conquest
Starting age
Dark Age
Ending age
Imperial Age
RankedLock teamsTeams togetherTeam positionsShared explorationLock speedFull tech treeHidden civsTurbo modeCheats
Victory
Defeat
🇺🇸 Franks · United States
1020
+12
🇨🇳 Mongols · China
931
+16
🇳🇱 Romans · Netherlands
902
+18
🇬🇧 Hindustanis · United Kingdom
957
-16
🇬🇧 Romans · United Kingdom
946
-16
🇬🇧 Vietnamese · United Kingdom
898
-14
9630791
8:37 Loom
10:59 Feudal Age
12:36 Double-Bit Axe
13:20 Bloodlines
15:40 Castle Age
13:59 Gold Mining
14:40 Horse Collar
15:41 Bloodlines
16:36 Forging
25:57 Wheelbarrow
27:10 Bow Saw
27:03 Heavy Plow
27:20 Hand Cart
28:28 Stone Mining
33:49 Imperial Age
31:46 Fletching
31:56 Padded Archer Armor
32:40 Ballistics
33:09 Gold Shaft Mining
32:44 Husbandry
32:06 Light Cavalry
32:45 Bodkin Arrow
32:56 Scale Barding Armor
34:36 Leather Archer Armor
34:56 Iron Casting
35:25 Hussar
35:53 Elite Mangudai
36:57 Conscription
35:59 Elite Mangudai
36:41 Bracer
37:02 Chain Barding Armor
37:43 Blast Furnace
39:28 Chemistry
39:50 Town Watch
41:25 Thumb Ring
41:45 Parthian Tactics
46:03 Stone Shaft Mining
49:02 Siege Engineers
lacheisleuk
1:32 Loom
12:57 Feudal Age
14:22 Double-Bit Axe
14:01 Man-at-Arms
16:24 Wheelbarrow
21:20 Castle Age
20:28 Town Watch
22:20 Hand Cart
21:36 Long Swordsman
23:54 Squires
25:32 Fervor
27:16 Fletching
28:02 Atonement
28:06 Padded Archer Armor
29:29 Caravan
29:19 Pikeman
30:50 Horse Collar
31:50 Ballistas
32:53 Town Patrol
33:12 Husbandry
33:18 Heavy Plow
34:09 Bloodlines
34:32 Murder Holes
34:48 Masonry
35:16 Ballistics
35:12 Scale Mail Armor
35:18 Scale Barding Armor
35:27 Forging
35:12 Guard Tower
39:58 Imperial Age
38:01 Crossbowman
38:34 Stone Mining
38:36 Gold Mining
40:42 Gold Shaft Mining
40:05 Capped Ram
40:52 Halberdier
41:09 Light Cavalry
42:13 Conscription
41:54 Heavy Scorpion
43:47 Crop Rotation
43:41 Sappers
44:33 Bow Saw
43:56 Elite Skirmisher
45:41 Chemistry
45:13 Architecture
45:03 Chain Mail Armor
45:34 Bodkin Arrow
45:55 Leather Archer Armor
46:16 Iron Casting
47:19 Siege Engineers
48:02 Ring Archer Armor
47:53 Chain Barding Armor
46:59 Legionary
48:53 Onager
50:46 Keep
50:21 Fortified Wall
50:46 Guilds
51:51 Heavy Cavalry Archer
Kin
8:51 Loom
11:01 Feudal Age
14:59 Castle Age
15:54 Double-Bit Axe
18:45 Bow Saw
19:17 Stone Mining
20:45 Gold Mining
26:08 Gold Shaft Mining
27:40 Wheelbarrow
26:51 Town Watch
30:55 Imperial Age
29:34 Hand Cart
29:19 Town Patrol
30:53 Scale Mail Armor
30:45 Fletching
31:31 Caravan
30:59 Pikeman
31:40 Squires
31:58 Chain Mail Armor
31:55 Forging
33:15 Chemistry
33:53 Ballistics
32:58 Elite Skirmisher
33:38 Bodkin Arrow
33:44 Padded Archer Armor
35:17 Plate Mail Armor
35:24 Halberdier
37:20 Leather Archer Armor
37:41 Iron Casting
40:43 Blast Furnace
40:20 Siege Engineers
46:55 Scale Barding Armor
50:02 Chain Barding Armor
52:57 Plate Barding Armor
52:24 Husbandry
52:28 Chivalry
Doc Chair
8:31 Loom
12:23 Feudal Age
14:24 Horse Collar
14:33 Double-Bit Axe
22:20 Castle Age
21:09 Gold Mining
21:10 Stone Mining
23:06 Heavy Plow
24:58 Bow Saw
29:37 Wheelbarrow
30:51 Hand Cart
32:21 Ballistics
31:42 Treadmill Crane
31:58 Murder Holes
36:07 Imperial Age
34:09 Scale Barding Armor
34:05 Padded Archer Armor
35:32 Elite Skirmisher
36:18 Thumb Ring
37:35 Imperial Skirmisher
39:38 Two-Man Saw
39:15 Scale Mail Armor
39:26 Forging
39:09 Fletching
39:35 Leather Archer Armor
41:50 Elite Fire Lancer
42:31 Squires
42:16 Arson
43:36 Crop Rotation
43:39 Paper Money
43:55 Hoardings
44:47 Chemistry
43:53 Siege Engineers
44:57 Ring Archer Armor
44:24 Bodkin Arrow
45:04 Iron Casting
44:45 Chain Mail Armor
51:00 Bracer
51:31 Plate Mail Armor
53:12 Plate Mail Armor
Shawstopper
9:22 Loom
11:34 Feudal Age
16:44 Castle Age
19:37 Scale Barding Armor
19:26 Double-Bit Axe
20:15 Horse Collar
24:32 Bow Saw
24:32 Heavy Plow
26:34 Wheelbarrow
27:20 Husbandry
27:32 Bloodlines
28:22 Forging
28:41 Chain Barding Armor
30:27 Gold Mining
31:24 Hand Cart
35:59 Imperial Age
34:48 Stone Mining
35:41 Scale Mail Armor
36:17 Iron Casting
35:46 Scale Mail Armor
35:54 Squires
35:39 Arson
37:17 Conscription
38:32 Plate Barding Armor
38:35 Fletching
39:11 Chain Mail Armor
38:48 Heavy Camel Rider
42:35 Elite Ghulam
45:12 Blast Furnace
44:35 Fletching
49:05 Imperial Camel Rider
The Warden
1:12 Loom
10:17 Feudal Age
13:25 Horse Collar
17:22 Scale Mail Armor
18:57 Double-Bit Axe
22:55 Castle Age
22:55 Forging
23:43 Wheelbarrow
24:34 Bow Saw
24:28 Heavy Plow
25:47 Squires
25:08 Pikeman
28:55 Gold Mining
31:09 Hand Cart
32:03 Ballistics
34:44 Imperial Age
36:07 Scale Barding Armor
36:39 Iron Casting
36:24 Chain Mail Armor
36:11 Heavy Scorpion
38:05 Halberdier
40:12 Chemistry
43:10 Blast Furnace
Connection lost

Rejoining the realm…

Still unreachable

The connection could not be restored.

Session expired

The server has moved on; the page needs a fresh start.